 Dungeon Crawl Stone Soup version 0.29.1-1-gd02db6906a (webtiles) character file.

Game seed: 6845338880756914359

125 vvl the Stinger (level 4, -5/32 HPs)
             Began as a Demonspawn Venom Mage on Oct 6, 2022.
             Slain by Crazy Yiuf
             ... wielding a +2 quarterstaff of chaos
              (12 damage)
             ... on level 2 of the Dungeon.
             The game lasted 00:03:27 (2841 turns).

vvl the Stinger (Demonspawn Venom Mage)             Turns: 2841, Time: 00:03:28

Health: -5/32      AC:  5    Str:  9    XL:     4   Next: 82%
Magic:  7/7        EV: 12    Int: 18    God:
Gold:   115        SH:  0    Dex: 13    Spells: 6/7 levels left

rFire   . . .      SeeInvis .   l - +0 long sword
rCold   . . .      Faith    .   (no shield)
rNeg    . . .      Spirit   .   m - +0 leather armour
rPois   .          Reflect  .   (no helmet)
rElec   .          Harm     .   (no cloak)
rCorr   .          Rampage  .   (no gloves)
Will    +....                   (no boots)
Stlth   ++........              h - amulet of the acrobat
HPRegen 0.10/turn               f - ring of willpower
MPRegen 0.10/turn               (no ring)

@: flying
A: yellow scales 1, icemail 1, condensation shield
a: no special abilities


You were on level 2 of the Dungeon.
You visited 1 branch of the dungeon, and saw 2 of its levels.

You collected 115 gold pieces.

Inventory:

Hand Weapons
 l - a +0 long sword (weapon)
Armour
 m - a +0 leather armour (worn)
Jewellery
 f - a ring of willpower (left hand)
 h - an amulet of the acrobat (around neck)
Wands
 p - a wand of flame (13)
Scrolls
 a - a scroll of immolation {unknown}
 c - 2 scrolls of teleportation {unknown}
 i - a scroll of noise {unknown}
 k - a scroll of poison {unknown}
 q - a scroll of butterflies {unknown}
 r - a scroll of magic mapping {unknown}
 s - a scroll of identify {unknown}
Potions
 b - a potion of magic
 d - 3 potions of attraction {unknown}
 g - a potion of haste {unknown}
 j - a potion of resistance {unknown}
 n - 2 potions of ambrosia {unknown}
 o - a potion of curing {unknown}
 t - a potion of degeneration {unknown}


   Skills:
 + Level 1.5 Fighting
 + Level 2.4 Dodging
 - Level 2.0 Stealth
 + Level 2.4 Spellcasting
 + Level 1.6 Transmutations
 * Level 4.1 Poison Magic


You had 6 spell levels left.
You knew the following spells:

 Your Spells              Type           Power      Damage    Failure   Level
a - Sting                 Tmut/Pois      48%        1d5       8%          1

Your spell library contained the following spells:

 Spells                   Type           Power      Damage    Failure   Level
 Poisonous Vapours        Pois/Air       18%        N/A       16%         2
 Mephitic Cloud           Conj/Pois/Air  7%         N/A       38%         3
 Olgreb's Toxic Radiance  Pois           16%        N/A       41%         4


Dungeon Overview and Level Annotations

Branches:
Dungeon (2/15)

Altars:

Annotations:
D:2 Crazy Yiuf


Innate Abilities, Weirdness & Mutations

You are partially covered in yellow scales. (AC +2)
A meltable icy envelope protects you from harm. (AC +0)
A meltable shield of frost defends you. (SH +0)


Message History

There is a stone staircase leading down here.
You see here a +0 club.
Partly explored, can't reach some places.
Partly explored, can't reach some places.
Partly explored, can't reach some places.
Partly explored, can't reach some places.
You slash the fungus!
The fungus begins to die.
The fungus is lightly damaged.
You slash the fungus!
The fungus begins to die.
The fungus is lightly damaged.
A nearby fungus withers and dies.
A nearby fungus withers and dies.
You hit the fungus but do no damage. You slash the fungus!
The fungus begins to die.
The fungus is lightly damaged.
You hit the fungus.
The fungus begins to die.
The fungus is lightly damaged.
You hit the fungus.
The fungus is lightly damaged.
A nearby fungus withers and dies.
You slash the fungus!
The fungus is lightly damaged.
A nearby fungus withers and dies.
Found a hammer.
Found a runed translucent door.
Crazy Yiuf shouts!
Crazy Yiuf says, "Buddy!
Goober sing-song sing."
It was a potion of flight.
You feel very buoyant.
You fly up into the air.
You reach down and open the door.
You barely miss Crazy Yiuf.
Crazy Yiuf hits you with a +2 quarterstaff of chaos!
Crazy Yiuf freezes you.
Crazy Yiuf hits you with a +2 quarterstaff of chaos!
Your icy defenses dissipate!
Crazy Yiuf burns you.
* * * LOW HITPOINT WARNING * * *
Crazy Yiuf attacks as you move away!
Crazy Yiuf hits you with a +2 quarterstaff of chaos!
You die...

<....#####
#.# .#####
### ## #
#####
########
#..)#
......†#####
#...#
######.....#
... #
####### #g#
# ♣♣@♣ ♣.♣♣
###### ♣♣.♣
#....#
###### ♣.♣♣
#..#[#
.....# ♣♣.♣♣
#....#
####.#
♣...♣♣
###.## #.#
♣P♣..♣ #.#
#.# #####
##..## #.#
#.#
#...###....#
####.#


You could see Crazy Yiuf.

Vanquished Creatures
  Natasha (thrice) (D:2)
  An adder (D:2)
  A worm (D:2)
  A dart slug (D:2)
  2 ball pythons (D:1)
  2 endoplasms
  2 giant cockroaches
  A goblin (D:1)
  5 hobgoblins
  4 jackals (D:1)
  4 kobolds
  3 quokkas
  3 bats (D:2)
  5 frilled lizards
  A rat (D:1)
38 creatures vanquished.

Vanquished Creatures (others)
  4 fungi (D:2)
4 creatures vanquished.

Grand Total: 42 creatures vanquished

Notes
Turn   | Place    | Note
-------+----------+-------------------------------------------
     0 | D:1      | vvl the Demonspawn Venom Mage began the quest for the Orb.
     0 | D:1      | Reached XP level 1. HP: 13/13 MP: 3/3
   280 | D:1      | Reached skill level 1 in Transmutations
   590 | D:1      | Gained mutation: You are partially covered in yellow
                  | scales. (AC +2) [demonic ancestry]
   590 | D:1      | Reached XP level 2. HP: 16/20 MP: 0/5
  1550 | D:2      | Gained mutation: A meltable shield of frost defends you.
                  | (SH +0) [demonic ancestry]
  1550 | D:2      | Reached XP level 3. HP: 25/25 MP: 0/6
  1734 | D:2      | Reached skill level 1 in Fighting
  1889 | D:2      | Noticed Natasha
  1895 | D:2      | Killed Natasha
  2011 | D:2      | Noticed Natasha
  2018 | D:2      | Killed Natasha
  2019 | D:2      | Gained mutation: A meltable icy envelope protects you from
                  | harm. (AC +0) [demonic ancestry]
  2019 | D:2      | Reached XP level 4. HP: 29/32 MP: 2/7
  2149 | D:2      | Noticed Natasha
  2156 | D:2      | Killed Natasha
  2157 | D:2      | Reached skill level 4 in Poison Magic
  2834 | D:2      | Found a runed translucent door.
  2835 | D:2      | Noticed Crazy Yiuf
  2841 | D:2      | Slain by Crazy Yiuf

Illustrated notes

Levels and vault maps discovered:
D:1:      giann_forest_graveyard, layout_basic, minmay_lizard_pond
D:2:      layout_loops_ring, kennysheep_decorative_pillar, uniq_natasha,
          uniq_crazy_yiuf_cottage

Skill      XL: |  1  2  3  4 |
---------------+-------------+-----
Transmutations | 1 |  1.6
Stealth        | 2 |  2.0
Dodging        | 2 |  2.4
Fighting       | 1 |  1.5
Poison Magic   | 4 |  4.1
Spellcasting   | |  2.4

Action                   |  1- 3 |  4- 6 || total
-------------------------+-------+-------++-------
Melee: Unarmed           |    70 |       ||    70
       Punch             |     1 |       ||     1
       Long sword        |    20 |    18 ||    38
 Cast: Sting             |    51 |    21 ||    72
  Use: Potion            |       |     1 ||     1
Armor: Robe              |    23 |       ||    23
       Leather armour    |    19 |     8 ||    27
Dodge: Dodged            |   103 |    11 ||   114
Block: Other             |     7 |     5 ||    12
